 Dungeon Crawl Stone Soup version 0.30-a0-722-g3e6e8c874d (webtiles) character file.

Game seed: 8052114518079726818

61 Lobster4 the Charlatan (level 3, 0/33 HPs)
             Began as a Troll Artificer on Jan 27, 2023.
             Succumbed to an orc's poison
             ... on level 3 of the Dungeon.
             The game lasted 00:02:51 (1182 turns).

Lobster4 the Charlatan (Troll Artificer)            Turns: 1182, Time: 00:02:52

Health: 0/33       AC:  4    Str: 22    XL:     3   Next: 83%
Magic:  2/2        EV: 15    Int:  7    God:
Gold:   80         SH:  0    Dex: 10    Spells: 2/2 levels left

rFire   + . .      SeeInvis .      - Unarmed
rCold   . . .      Faith    .    (no shield)
rNeg    . . .      Spirit   .    b - +0 robe
rPois   .          Reflect  .    (helmet restricted)
rElec   .          Harm     .    (no cloak)
rCorr   .          Rampage  .    (gloves unavailable)
Will    .....                    (boots unavailable)
Stlth   +                        (no amulet)
HPRegen 1.05/turn                h - +5 ring of evasion
MPRegen 0.08/turn                j - ring of protection from fire

@: brilliant, lethally poisoned (0 -> -1)
A: large, unfitting armour, claws 3, regeneration 1, shaggy fur 1, tough skin 1
a: no special abilities


You were on level 3 of the Dungeon.
You visited 1 branch of the dungeon, and saw 3 of its levels.

You collected 80 gold pieces.

Inventory:

Hand Weapons
 a - a +0 club
Armour
 b - a +0 robe (worn)
Jewellery
 h - a +5 ring of evasion (left claw)
 j - a ring of protection from fire (right claw)
Wands
 c - a wand of flame (15) (quivered)
 d - a wand of charming (15)
 e - a wand of iceblast (5)
Scrolls
 f - a scroll of poison {unknown}
 g - a scroll of amnesia
 i - a scroll of fog {unknown}
 k - a scroll of enchant weapon {unknown}
 l - 2 scrolls of identify {unknown}
 m - a scroll of vulnerability {unknown}


   Skills:
 + Level 1.4 Fighting
 + Level 1.0 Armour
 + Level 2.3 Dodging
 - Level 0.3 Stealth
 + Level 1.3 Unarmed Combat
 + Level 2.5 Evocations


You had 2 spell levels left.
You didn't know any spells.
Your spell library contained the following spells:

 Spells                   Type           Power      Damage    Failure   Level
 Slow                     Hex            0%         N/A       43%         1
 Confusing Touch          Hex            0%         N/A       80%         3
 Vampiric Draining        Necr           0%         2d6       80%         3


Dungeon Overview and Level Annotations

Branches:
Dungeon (3/15)

Altars:

Annotations:
D:2 Sigmund


Innate Abilities, Weirdness & Mutations

You are too large for most types of armour.
You have claws for hands.
Your natural rate of healing is unusually fast.
You are covered in fur. (AC +1)
You have tough skin. (AC +1)


Message History

The kobold barely misses you.
The orc priest hits you but does no damage.
The orc completely misses you.
You scratch the orc priest.
The orc priest is severely wounded.
The kobold hits you with a +0 dagger.
The orc priest mumbles some strange prayers to Beogh against you.
Pain shoots through your body!
The orc hits you with a +0 war axe of venom.
You are poisoned.
You barely miss the orc priest.
The orc priest is severely wounded.
You feel very sick. The kobold barely misses you.
The orc priest hits you with a +0 dagger.
The orc closely misses you.
You are too injured to fight recklessly!
You feel very sick.
The orc priest hits you with a +0 dagger.
* * * LOW HITPOINT WARNING * * *
It was a potion of brilliance.
You feel clever all of a sudden.
You feel very sick. The kobold hits you with a +0 dagger.
* * * LOW HITPOINT WARNING * * *
The orc priest casts a cantrip, but nothing happens.
The orc hits you with a +0 war axe of venom.
* * * LOW HITPOINT WARNING * * *
As you read the scroll labelled GUWNOJUEKI, it crumbles to dust.
It is a scroll of amnesia.
You feel forgetful for a moment.
* * * LOW HITPOINT WARNING * * *
You feel sick. The kobold misses you.
The orc priest hits you but does no damage.
The orc misses you.
You aren't carrying any potions.
* * * LOW HITPOINT WARNING * * *
You feel sick. The kobold attacks as you move away!
The kobold hits you but does no damage.
You die...

.###....##...##..
####......##.#
###.......† ##..##..##
#########..####...
#..........## ##..
#.########..## #.. # #.#
#...###.. #.###@##
#.#...... ###....J.#
#.#...... ##...o#K#.#
#...###.. ......Jo..#
#..## #..
..#.#.#.o########.## ##..
..................####...
#.#..#.#...........##†.##
.........########........
.###.#. ## #>#....##


You could see an orc priest, an orc, 2 endoplasms and a kobold.

Vanquished Creatures
  2 adders
  A shadow imp (D:3)
  A dart slug (D:3)
  2 bats
  3 endoplasms
  2 giant cockroaches
  3 goblins
  4 hobgoblins
  A quokka (D:1)
  2 ball pythons
  7 frilled lizards (D:2)
  3 kobolds
  3 rats
34 creatures vanquished.

Vanquished Creatures (others)
  2 fungi (D:2)
  5 plants (D:2)
7 creatures vanquished.

Grand Total: 41 creatures vanquished

Notes
Turn   | Place    | Note
-------+----------+-------------------------------------------
     0 | D:1      | Lobster4 the Troll Artificer began the quest for the Orb.
     0 | D:1      | Reached XP level 1. HP: 18/18 MP: 0/0
   170 | D:1      | Reached skill level 1 in Fighting
   241 | D:1      | Reached XP level 2. HP: 27/27 MP: 1/1
   668 | D:2      | Noticed Sigmund
   930 | D:2      | Found a faded altar of an unknown god.
   947 | D:2      | Reached skill level 1 in Unarmed Combat
   947 | D:2      | Reached XP level 3. HP: 33/33 MP: 2/2
  1083 | D:3      | Reached skill level 1 in Armour
  1180 | D:3      | HP: 1/33 [poisoned by an orc]
  1182 | D:3      | Succumbed to an orc's poison

Illustrated notes

Levels and vault maps discovered:
D:1:      eino_arrival_cavern_d, layout_basic
D:2:      layout_basic, ebering_ecumenical_altar_mist, minmay_lizard_king,
          uniq_sigmund, uniq_crazy_yiuf_cottage
D:3:      layout_loops_ring, ebering_ghost_disaster_area,
          hangedman_decor_points, palyth_stone_intersect, minmay_surrounded

Skill      XL: |  1  2  3 |
---------------+----------+-----
Dodging        | 2 |  2.3
Fighting       | 1 |  1.4
Unarmed Combat | 1 |  1.3
Armour         | 1 |  1.0
Stealth        | |  0.3
Evocations     | |  2.5

Action                     || total
---------------------------++-------
  Melee: Unarmed           ||   115
         Punch             ||     1
    Use: Scroll            ||     1
         Potion            ||     1
 Armour: Robe              ||    31
  Dodge: Dodged            ||    93

Table legend: (Time is in decaauts)
 A = Elapsed time spent in this place.
 B = Non-inter-level travel time spent in this place.
 C = Inter-level travel time spent in this place.
 D = Time resting spent in this place.
 E = Time spent auto-exploring this place.
 F = Levels seen in this place.
 G = Mean time per level.
                   A        B        C        D        E       F      G
               +--------+--------+--------+--------+--------+-----+--------+
         Total |   1178 |   1169 |      9 |      0 |    913 |   3 |  392.7 |
       Dungeon |   1178 |   1169 |      9 |      0 |    913 |   3 |  392.7 |
               +--------+--------+--------+--------+--------+-----+--------+

Top non-repeatable levels by time:
     D:1: 662 daAuts
     D:2: 326 daAuts
     D:3: 189 daAuts
